woodfighter, chaotic female elven Rogue ------ |..*.. |...^| -------- |..[..#### |......| ----.- @ ^ |..<...-### # #f |...)..| # ### a |......+###########%%###)# |......| # ##)## -------- ### -.---- S @ # |....| ##+.>.^| S |....+ ------ woodfighter the Cutpurse Experience level: 5 Strength: 14 Dexterity: 19 Constitution: 14 Intelligence: 12 Wisdom: 8 Charisma: 8 Health: 0(31) Energy: 25(25) Def: 3 Gold: 0 Moves: 2704 Dungeon seed: sYRn6RKHNotcSmUt Game ID: woodfighter_1515836331 Your Inventory: Amulets v - an uncursed amulet of ESP (being worn) Weapons a - a +0 elven short sword (weapon in hand) b - 10 +0 elven daggers (in quiver) Armor e - a blessed +1 leather armor (being worn) n - an uncursed +0 dwarvish cloak z - an uncursed +0 orcish helm Comestibles i - an uncursed egg p - an uncursed tripe ration E - 2 uncursed sprigs of wolfsbane H - an uncursed magic bean J - an uncursed food ration Rings W - an uncursed ring of conflict Wands R - a wand of speed monster (0:6) V - a wand of lightning (0:7) Tools g - an uncursed blindfold s - an uncursed sack y - an uncursed lock pick D - a blessed magic lamp Contents of the sack: 581 gold pieces a [blessed] scroll of blank paper a [cursed] scroll of identify a [uncursed] scroll of stinking cloud a [uncursed] scroll of teleportation a [uncursed] potion of blindness a [uncursed] potion of extra healing a [uncursed] potion of hallucination a [uncursed] potion of invisibility an uncursed potion of sickness a [uncursed] potion of speed a [cursed] ring of aggravate monster a [uncursed] ring of sustain ability a [uncursed] wand of enlightenment [0:11] a [uncursed] wand of enlightenment [0:11] a [uncursed] wand of light [0:14] a wand of opening (0:3) a [uncursed] wand of polymorph [0:7] Spells and supernatural/magical abilities: Name Level Category Fail Memory W - pray for help -- divine ? -- Your skills at the end: Miscellaneous Skills wands [Basic] Weapon Skills dagger [Basic] short sword [Basic] Spellcasting Skills Final Attributes: You were piously aligned. You were sleep resistant. You were telepathic. You had infravision. You were stealthy. You are dead. Vanquished creatures: a fog cloud a floating eye a dwarf a kobold lord an iguana a giant bat 2 dwarf zombies a gas spore 2 large kobolds 6 geckos a giant rat a yellow mold a red mold 6 garter snakes 3 manes 2 gnome zombies 2 jackals 5 newts a goblin 2 sewer rats 5 grid bugs a bat 4 lichens a kobold zombie 52 creatures vanquished. Voluntary challenges: You did not cause conflict. You were not invisible. You did not have reflection. You were not displaced. You used a wielded weapon 69 times, starting on turn 167. You did not apply a unicorn horn. You did not use plumbed fixtures. You did not drink any magical draughts. You read items or engraved 1 time, starting on turn 945. You never genocided any monsters. You never polymorphed an object. You never changed form. You used no wishes. You never split a pudding. You never wrote Elbereth's name. You never violated your personal moral code. Dungeon overview: The Dungeons of Doom: levels 1 to 8 Level 1 an altar to Mog a long staircase Level 2 a fountain Level 3 a sink stairs to The Gnomish Mines Level 4 a fountain, a sink Level 5 Level 6 (throne) Level 7 <- You were here Level 8 The Gnomish Mines: Level 4 stairs to The Dungeons of Doom History has recorded: On T:1 you entered the Dungeons of Doom to retrieve the Amulet of Yendor! On T:274 you reached level 2 of The Dungeons of Doom. On T:914 you reached level 3 of The Dungeons of Doom. On T:953 you advanced to experience level 2. On T:993 you reached level 1 of The Gnomish Mines. On T:1041 you reached level 4 of The Dungeons of Doom. On T:1284 you reached level 5 of The Dungeons of Doom. On T:1303 you advanced to experience level 3. On T:1319 you prayed to Kos. On T:1824 you reached level 6 of The Dungeons of Doom. On T:1917 you advanced to experience level 4. On T:2433 you reached level 7 of The Dungeons of Doom. On T:2637 you reached level 8 of The Dungeons of Doom. On T:2664 you advanced to experience level 5. Score breakdown: Gold: 581 ( 58 points) Experience: 5 levels ( 400 points) Exploration: 8 levels ( 210 points) Discoveries: 22 items ( 1100 points) Variety of kills: 24 monsters ( 1200 points) Major goal: (nothing yet) ( 0 points) Survival: died (score multiplied by 3) Total score: 8904 Latest messages: You see here a black gem. V - a balsa wand. Your pack shakes violently! You see here a studded leather armor. W - a moonstone ring. You put a scroll labeled PRIRUTSENIE into the sack. You put an unlabeled scroll into the sack. You put a scroll labeled EIGOWA KIRAIDES into the sack. You put a purple-red potion into the sack. You put a cloudy potion into the sack. You put a fizzy potion into the sack. You stop exploring. The kitten bites! You stab the kitten. The kitten bites! You feel more confident in your weapon skills. You stab the kitten! The kitten bites! (2x) You stab the kitten. The kitten bites! You stab the kitten! The kitten bites! (2x) You die... Final status: Goodbye woodfighter the Rogue, killed by a kitten... You died in The Dungeons of Doom on dungeon level 7 with 8904 points, and 581 pieces of gold, after 2704 moves. You were level 5 with a maximum of 31 hit points when you died.